 Dungeon Crawl Stone Soup version bcrawl-1.27.1d (webtiles) character file.

Game seed: 612347523154416570

111291 Freyura the Sneak (level 3, -2/24 HPs)
             Began as an Octopode Rogue on July 19, 2020.
             Slain by an ooze (5 damage)
             ... on level 2 of the Dungeon.
             The game lasted 00:01:53 (809 turns).

Freyura the Sneak (Octopode Rogue)                   Turns: 809, Time: 00:01:54

Health: -2/24      AC:  1    Str: 10    XL:     3   Next: 4%
Magic:  4/4        EV: 13    Int: 13    God:
Gold:   115        SH:  0    Dex: 16    Spells: 2/2 levels left

rFire    . . .     SeeInvis .   a - +2 dagger
rCold    . . .     Gourm    .   (no shield)
rNeg     . . .     Faith    .   (helmet restricted)
rPois    .         Spirit   .   (cloak restricted)
rElec    .         Reflect  .   (no amulet)
rCorr    .         Harm     .   k - +2 ring of dexterity (curse)
MR       .....                  (no ring)
Stlth    ++++......             (no ring)
HPRegen  0.08/turn              (no ring)
MPRegen  0.09/turn              (no ring)
                                (no ring)
                                (no ring)
                                (no ring)

@: no status effects
A: almost no armour, stealthy swim, amphibious, 8 rings, constrict 8, camouflage
1, gelatinous body 1
a: no special abilities


You were on level 2 of the Dungeon.
You were not hungry.

You visited 1 branch of the dungeon, and saw 2 of its levels.

You collected 115 gold pieces.

Inventory:

Hand Weapons
 a - a +2 dagger (weapon)
 b - a +0 blowgun
Missiles
 c - 80 poisoned needles
Jewellery
 k - a cursed +2 ring of dexterity (left tentacle)
Wands
 d - a wand of flame (15)
 f - a wand of enslavement (15)
 m - a wand of random effects (7)
Scrolls
 g - 2 scrolls of remove curse {unknown}
 h - 2 scrolls of identify
 i - a scroll of immolation {unknown}
 l - a scroll of teleportation {unknown}
Potions
 j - a potion of curing {unknown}
Comestibles
 e - 3 rations {!d}


   Skills:
 + Level 2.2 Fighting
 + Level 2.2 Short Blades
 + Level 0.9 Dodging
 * Level 6.3 Stealth
 + Level 2.5 Evocations


You had 2 spell levels left.
You didn't know any spells.
Your spell library was empty.

Dungeon Overview and Level Annotations

Branches:
Dungeon (2/12)

Altars:


Innate Abilities, Weirdness & Mutations

You cannot wear most types of armour.
You are very stealthy in the water. (Stealth+)
You are amphibious.
You can wear up to eight rings at the same time.
You can use your tentacles to constrict eight enemies at once.
Your skin changes colour to match your surroundings (Stealth+).
Your rubbery body absorbs attacks. (AC +1, EV +1)


Message History

* * * LOW HITPOINT WARNING * * *
The orc barely misses you.
You hit the orc but do no damage. You grab the orc.
The orc is severely wounded.
You constrict the orc, but do no damage.
The ooze closely misses you.
You hit the orc.
You kill the orc!
You have reached level 3!
Your experience leads to an increase in your attributes!
Your base attributes are Str 10, Int 13, Dex 13.
Increase (S)trength, (I)ntelligence, or (D)exterity?
You feel agile. The ooze closely misses you. The ooze hits you.
* * * LOW HITPOINT WARNING * * *
You hit the ooze. You squeeze the ooze.
The ooze is heavily wounded.
The ooze hits you.
You die...

..<..####..#######.####
.......###............#
###........#####...?..#
#.....##..## #...?..#
.......#8...# #......#
#......##...# #......#
#......##...# #......#
##.....##..## #.[....#
##...##8).# #@J....#
#######..#####......#
#.............#
##..........####
#.###8###8### ### ###
###


You could see an ooze.

Vanquished Creatures
  2 dart slugs
  An orc (D:2)
  A ball python (D:2)
  A bat (D:1)
  3 goblins
  A hobgoblin (D:1)
  A jackal (D:1)
  3 kobolds
  2 quokkas (D:2)
  A frilled lizard (D:1)
  A rat (D:2)
17 creatures vanquished.

Notes
Turn   | Place    | Note
-------+----------+-------------------------------------------
     0 | D:1      | Freyura the Octopode Rogue began the quest for the Orb.
     0 | D:1      | Reached XP level 1. HP: 14/14 MP: 2/2
   239 | D:1      | Reached skill level 6 in Stealth
   259 | D:1      | Reached XP level 2. HP: 18/19 MP: 3/3
   807 | D:2      | Reached XP level 3. HP: 4/24 MP: 4/4
   809 | D:2      | Slain by an ooze

Skill      XL: |  1 |
---------------+----+-----
Stealth        | 6 |  6.3
Fighting       | |  2.2
Short Blades   | |  2.2
Dodging        | |  0.9
Evocations     | |  2.5

Action                   || total
-------------------------++-------
Melee: Dagger            ||    29
       Constrict         ||     8
       Tentacles         ||     5
 Stab: Sleeping          ||    10
Armor: Skin              ||     4
Dodge: Dodged            ||    16
